 Dungeon Crawl Stone Soup version 0.27-a0-1202-ge72e49191c (webtiles) character file.

Game seed: 7664351005549970594

1377 Hasart the Chiller (level 8, -3/37 (41) HPs)
             Began as a Kobold Ice Elementalist on June 3, 2021.
             Slain by polve's ghost (6 damage)
             ... on level 6 of the Dungeon on July 12, 2021.
             The game lasted 00:13:19 (7029 turns).

Hasart the Chiller (Kobold Ice Elementalist)        Turns: 7029, Time: 00:13:19

HP:   -3/37 (41)    AC:  8    Str: 10    XL:     8   Next: 98%
MP:   23/23         EV: 17    Int: 18    God:
Gold: 208           SH:  0    Dex: 15    Spells: 9/16 levels left

rFire    . . .     SeeInvis .   v - +3 rapier "Fumodgh" {drain, Str+4}
rCold    . . .     Faith    .   (shield restricted)
rNeg     . . .     Spirit   .   a - +1 robe
rPois    .         Reflect  .   (no helmet)
rElec    .         Harm     .   (no cloak)
rCorr    .         Rampage  .   h - +0 pair of gloves
Will     .....                  (no boots)
Stlth    ++++......             (no amulet)
HPRegen  0.12/turn              f - ring of magical power
MPRegen  0.18/turn              c - +4 ring of protection

@: drained
A: small, no large weapons, nightstalker 3
a: no special abilities


You were on level 6 of the Dungeon.
You visited 1 branch of the dungeon, and saw 8 of its levels.

You collected 208 gold pieces.

Inventory:

Hand Weapons
 d - a +0 whip of electrocution
 v - the +3 rapier "Fumodgh" (weapon) {drain, Str+4}
   (You found it on level 7 of the Dungeon)

   A truly terrible weapon, it drains the life of those it strikes.
   It affects your strength (+4).
Armour
 a - a +1 robe (worn)
 h - a +0 pair of gloves (worn)
 w - the +4 chain mail "Ycoudes" {rElec rCorr Int+2 Dex-3}
   (You found it on level 7 of the Dungeon)

   It affects your intelligence (+2).
   It affects your dexterity (-3).
   It insulates you from electricity.
   It protects you from acid and corrosion.
Jewellery
 c - a +4 ring of protection (right hand)
 f - a ring of magical power (left hand)
 n - a ring of flight
Wands
 e - a wand of flame (33)
 u - a wand of iceblast (12)
Scrolls
 i - a scroll of silence
 k - 2 scrolls of identify
 o - 5 scrolls of teleportation
 p - a scroll of enchant armour
 t - a scroll of magic mapping
Potions
 b - 2 potions of haste
 g - 2 potions of degeneration {unknown}
 j - a potion of lignification {unknown}
 l - 4 potions of curing {unknown}
 m - a potion of mutation {unknown}
 q - 2 potions of brilliance {unknown}
 r - a potion of berserk rage {unknown}
 s - a potion of resistance {unknown}
 x - a potion of heal wounds {unknown}


   Skills:
 + Level 5.4 Dodging
 + Level 6.2 Stealth
 + Level 4.6 Spellcasting
 + Level 3.1 Conjurations
 * Level 7.0 Ice Magic
 + Level 3.1 Earth Magic


You had 9 spell levels left.
You knew the following spells:

 Your Spells              Type           Power      Damage    Failure   Level
a - Freeze                Ice            100%       1d11      1%          1
b - Frozen Ramparts       Ice            58%        1d7       2%          3
c - Stone Arrow           Conj/Erth      30%        3d8       12%         3

Your spell library contained the following spells:

 Spells                   Type           Power      Damage    Failure   Level
 Ozocubu's Armour         Ice            29%        N/A       2%          3
 Sandblast                Erth           30%        2d9       3%          1
 Passwall                 Tmut/Erth      7%         N/A       11%         2
 Animate Skeleton         Necr           8%         N/A       14%         1
 Apportation              Tloc           8%         N/A       14%         1
 Corona                   Hex            4%         N/A       14%         1
 Sting                    Tmut/Pois      16%        1d3       14%         1
 Summon Small Mammal      Summ           16%        N/A       14%         1
 Hailstorm                Conj/Ice       22%        3d7       17%         4
 Call Imp                 Summ           4%         N/A       22%         2
 Poisonous Vapours        Pois/Air       8%         N/A       22%         2
 Mephitic Cloud           Conj/Pois/Air  7%         N/A       26%         3
 Summon Ice Beast         Ice/Summ       16%        N/A       32%         4
 Call Canine Familiar     Summ           4%         N/A       38%         3
 Ignite Poison            Fire/Tmut/Pois 4%         N/A       38%         3
 Summon Guardian Golem    Hex/Summ       4%         N/A       38%         3
 Petrify                  Tmut/Erth      9%         N/A       58%         4
 Metabolic Englaciation   Hex/Ice        8%         N/A       65%         5
 Lee's Rapid Deconstruct  Erth           7%         3d8*      71%         5
 Olgreb's Toxic Radiance  Pois           4%         N/A       80%         4
 Summon Lightning Spire   Summ/Air       4%         N/A       80%         4


Dungeon Overview and Level Annotations

Branches:
Dungeon (8/15)             Temple (0/1) D:6
   Lair: D:8-11

Altars:
Qazlal

Shops:
D:4 *

Annotations:
D:6 polve's ghost, novice DsAK


Innate Abilities, Weirdness & Mutations

You are small and have problems with some larger weapons.
You are completely attuned to the shadows.


Message History

The spectral centaur completely misses you.
The spectral centaur closely misses you.
The spectral centaur kicks you but does no damage.
You hit polve's ghost but do no damage.
Polve's ghost is lightly damaged.
The spectral centaur barely misses you.
The spectral centaur kicks you but does no damage.
The spectral centaur closely misses you.
The spectral centaur misses you. Polve's ghost closely misses you.
The howler monkey skeleton closely misses you.
The howler monkey zombie misses you.
The spectral centaur closely misses you.
The spectral centaur barely misses you.
The spectral centaur closely misses you. x2
You hit polve's ghost but do no damage.
Polve's ghost is lightly damaged.
Polve's ghost hits you.
* * * LOW HITPOINT WARNING * * *
The howler monkey skeleton hits you but does no damage.
The howler monkey zombie hits you but does no damage.
The spectral centaur hits you.
* * * LOW HITPOINT WARNING * * *
The spectral centaur kicks you but does no damage.
The spectral centaur closely misses you.
The spectral centaur kicks you but does no damage.
Polve's ghost misses you.
The howler monkey skeleton hits you but does no damage.
The howler monkey zombie closely misses you.
The spectral centaur barely misses you. The spectral centaur misses you.
You barely miss polve's ghost.
Polve's ghost is lightly damaged.
The spectral centaur closely misses you.
The spectral centaur barely misses you.
The spectral centaur hits you but does no damage.
The spectral centaur misses you. The spectral centaur hits you.
* * * LOW HITPOINT WARNING * * *
You feel drained.
The spectral centaur closely misses you.
Polve's ghost hits you.
You die...

#.#.#........................#...
#.#.#........................#...
#.#.#...##...................#...
#...+...'....................#...
..#+#...##...................#...
........##############...#+###...
....<..## #..#.#..##.#.#.# #...
>.))...# ##.?W..###.....# #...
.......# #..Z@Z..##.....# #...
.......# ##..ZZ.###.....# ####
.......# #.......##.....#
.......# ###'''####.....#
.......## #..............### #
........# ####.#####.#.....# #
#######.# #.#.....#...#.####
#8>8# #.......##.##....' #####
#########...######


You could see 2 spectral centaurs, polve's ghost, a howler monkey zombie and a
howler monkey skeleton.

Vanquished Creatures
  2 steam dragons (D:6)
  An ogre (D:6)
  A centaur (D:6)
  A phantom (D:6)
  2 bullfrogs
  4 scorpions
  A water moccasin skeleton (D:4)
  A howler monkey (D:5)
  2 jellies
  Jessica (D:2)
  A centaur skeleton (D:6)
  3 iguanas
  An orc wizard (D:4)
  Robin (D:3)
  A howler monkey skeleton (D:6)
  5 adders
  2 white imps (D:6)
  2 ufetubi
  An adder skeleton (D:2)
  3 worms
  2 dart slugs
  6 orcs
  12 ball pythons
  10 endoplasms
  5 giant cockroaches
  13 goblins
  17 hobgoblins
  4 jackals
  A quokka (D:3)
  2 ball python skeletons (D:2)
  5 bats
  3 frilled lizards (D:3)
  10 kobolds
  A quokka zombie (D:6)
  7 rats
134 creatures vanquished.

Vanquished Creatures (others)
  5 withered plants (D:2)
5 creatures vanquished.

Grand Total: 139 creatures vanquished

Notes
Turn   | Place    | Note
-------+----------+-------------------------------------------
     0 | D:1      | Hasart the Kobold Ice Elementalist began the quest for the
                  | Orb.
     0 | D:1      | Reached XP level 1. HP: 10/10 MP: 3/3
   114 | D:1      | You fall into a shaft and drop 1 floor!
   179 | D:2      | Reached XP level 2. HP: 15/15 MP: 0/5
   520 | D:1      | Reached XP level 3. HP: 19/19 MP: 2/6
   951 | D:1      | Learned a level 3 spell: Frozen Ramparts
  1749 | D:2      | Reached XP level 4. HP: 23/24 MP: 8/8
  2281 | D:2      | Found a faded altar of an unknown god.
  2312 | D:2      | Noticed Jessica
  2321 | D:2      | Killed Jessica
  2384 | D:2      | Reached XP level 5. HP: 25/28 MP: 9/9
  2736 | D:3      | Learned a level 3 spell: Stone Arrow
  3004 | D:3      | Reached skill level 5 in Ice Magic
  3126 | D:3      | Found a stormy altar of Qazlal.
  3127 | D:3      | Noticed Robin
  3144 | D:3      | Killed Robin
  3362 | D:3      | Reached XP level 6. HP: 25/32 MP: 10/10
  4118 | D:4      | Reached skill level 1 in Conjurations
  4118 | D:4      | Reached skill level 1 in Earth Magic
  4188 | D:4      | Found Etsaguerr's General Store.
  4377 | D:4      | Reached XP level 7. HP: 35/35 MP: 12/12
  4745 | D:5      | Entered Level 5 of the Dungeon
  4913 | D:5      | You fall into a shaft and drop 3 floors!
  4968 | D:7      | Reached skill level 5 in Stealth
  5095 | D:7      | Identified the +4 chain mail "Ycoudes" {rElec rCorr Int+2
                  | Dex-3}
  5098 | D:7      | Identified the +3 rapier "Fumodgh" {drain, Str+4}
  5302 | D:6      | Reached skill level 6 in Ice Magic
  5427 | D:6      | Reached XP level 8. HP: 41/41 MP: 13/13
  5661 | D:6      | Found a runed translucent gate.
  5662 | D:6      | Found a runed translucent gate.
  5663 | D:6      | Found a runed translucent gate.
  5691 | D:6      | Reached skill level 5 in Dodging
  6369 | D:6      | Found a staircase to the Ecumenical Temple.
  6723 | D:6      | Reached skill level 7 in Ice Magic
  7014 | D:6      | Noticed polve's ghost (novice DsAK)
  7029 | D:6      | Slain by polve's ghost

Illustrated notes

Levels and vault maps discovered:
D:1:      minmay_arrival_shattered_statue, layout_rooms, minmay_statues_item,
          chequers_serial_rivers_room_a, minmay_pentomino_r4
D:2:      layout_loops_ring, basic_ecumenical_altar, serial_undead,
          serial_undead_e, serial_undead_e, serial_undead_c, serial_undead_e,
          serial_undead_c, serial_undead_e, minmay_tripent, uniq_jessica
D:3:      minmay_thinvault, layout_rooms, grunt_qazlal_sundering, uniq_robin
D:4:      layout_rooms, serial_shops, shop_fountains, st_stairs_1,
          kennysheep_path_1
D:5:      layout_loops_corners, uniq_sigmund
D:6:      cheibrodos_steamvent, layout_basic, temple_statues, enter_ossuary_4,
          gammafunk_ghost_necromancy
D:7:      lemuel_ice_spiral_2, layout_basic, nrook_mini_backslash
D:8:      layout_gridville

Skill      XL: |  1  2  3  4  5  6  7  8 |
---------------+-------------------------+-----
Stealth        | 3 4 5 6 |  6.2
Dodging        | 3 4 5 |  5.4
Spellcasting   | 3 4 |  4.6
Ice Magic      | 5 6 7 |  7.0
Conjurations   | 1 2 3 |  3.1
Earth Magic    | 1 2 3 |  3.1

Action                   |  1- 3 |  4- 6 |  7- 9 || total
-------------------------+-------+-------+-------++-------
Melee: Unarmed           |     9 |       |       ||     9
       Spear             |    11 |       |       ||    11
       Whip              |    10 |   112 |    13 ||   135
       Rapier            |       |       |    52 ||    52
 Cast: Freeze            |    50 |    22 |    33 ||   105
       Frozen Ramparts   |       |     8 |     3 ||    11
       Stone Arrow       |       |       |     6 ||     6
  Use: Scroll            |     5 |     1 |     2 ||     8
 Stab: Sleeping          |     3 |    17 |     8 ||    28
       Distracted        |       |     1 |       ||     1
Armor: Robe              |    12 |    29 |    52 ||    93
Dodge: Dodged            |    43 |    92 |   178 ||   313

Table legend: (Time is in decaauts)
 A = Elapsed time spent in this place.
 B = Non-inter-level travel time spent in this place.
 C = Inter-level travel time spent in this place.
 D = Time resting spent in this place.
 E = Time spent auto-exploring this place.
 F = Levels seen in this place.
 G = Mean time per level.
                   A        B        C        D        E       F      G
               +--------+--------+--------+--------+--------+-----+--------+
         Total |   7054 |   6784 |    270 |    504 |   5041 |   8 |  881.8 |
       Dungeon |   7054 |   6784 |    270 |    504 |   5041 |   8 |  881.8 |
               +--------+--------+--------+--------+--------+-----+--------+

Top non-repeatable levels by time:
     D:6: 1744 daAuts
     D:2: 1639 daAuts
     D:3: 1212 daAuts
     D:1: 1024 daAuts
     D:4: 885 daAuts
     D:7: 339 daAuts
     D:5: 168 daAuts
     D:8: 40 daAuts
